 Dungeon Crawl Stone Soup version 0.20.1-1-g8b1a95d (webtiles) character file.

13 Monsterracer the Grasshopper (level 2, 0/22 HPs)
             Began as a Human Warper on Oct 24, 2017.
             Slain by a hobgoblin
             ... wielding a +0 club
              (5 damage)
             ... on level 1 of the Dungeon.
             The game lasted 00:01:44 (313 turns).

Monsterracer the Grasshopper (Human Warper)          Turns: 313, Time: 00:01:45

Health: 0/22       AC:  3    Str: 11    XL:     2   Next: 50%
Magic:  5/5        EV: 12    Int: 13    God:
Gold:   0          SH:  0    Dex: 12    Spells: 5/5 levels left

rFire    . . .     SeeInvis .   a - +0 mace
rCold    . . .     Gourm    .   (no shield)
rNeg     . . .     Faith    .   b - +0 leather armour
rPois    .         Spirit   .   (no helmet)
rElec    .         Reflect  .   (no cloak)
rCorr    .         Harm     .   (no gloves)
MR       .....                  (no boots)
Stlth    +.........             (no amulet)
Regen    0.1/turn               (no ring)
MPRegen  0.1/turn               (no ring)

@: no status effects
A: no striking features
a: no special abilities


You were on level 1 of the Dungeon.
You were not hungry.

You visited 1 branch of the dungeon, and saw 1 of its levels.

Inventory:

Hand Weapons
 a - a +0 mace (weapon)
Missiles
 e - 5 tomahawks of dispersal (quivered)
Armour
 b - a +0 leather armour (worn)
Scrolls
 d - a scroll of blinking
 g - a scroll of recharging {unknown}
 h - a scroll of teleportation {unknown}
Potions
 i - a potion of might {unknown}
Books
 c - a book of Spatial Translocations

   Spells                             Type                      Level
   a - Blink                          Translocation                2
   b - Shroud of Golubria             Charms/Translocation         2
   c - Lesser Beckoning               Translocation                3
   d - Gell's Gravitas                Translocation                3
   e - Teleport Other                 Translocation                3
   f - Passage of Golubria            Translocation                4
Comestibles
 f - 2 bread rations


   Skills:
 + Level 2.2 Fighting
 * Level 2.5 Maces & Flails
 - Level 1.0 Throwing
 - Level 1.0 Armour
 + Level 2.2 Dodging
 - Level 2.0 Spellcasting
   Level 3.0 Translocations


You had 5 spell levels left.
You didn't know any spells.

Dungeon Overview and Level Annotations

Branches:
Dungeon (1/15)

Altars:


Message History

The giant cockroach barely misses you.
A giant cockroach is nearby!
You hit the giant cockroach.
You kill the giant cockroach!
You have reached level 2!
You see here a giant cockroach corpse.
i - a blue potion
f - 2 bread rations (gained 1)
Found a stone staircase leading down.
Found 19 arrows. 2 hobgoblins come into view.
The hobgoblin shouts! x2
A bat comes into view.
A hobgoblin comes into view. It is wielding a club.
Found 11 gold pieces.
You closely miss the hobgoblin. The hobgoblin hits you with a club.
The bat closely misses you.
The hobgoblin hits you but does no damage.
A bat and a kobold come into view.
Damage: -9%(-2hp) hp: 91%(20hp)
You closely miss the hobgoblin.
The hobgoblin shouts!
The bat hits you but does no damage.
The hobgoblin hits you but does no damage.
A hobgoblin comes into view.
The hobgoblin shouts!
The kobold shouts!
You hit the hobgoblin.
The hobgoblin is severely wounded.
The bat hits you but does no damage. The hobgoblin barely misses you.
The hobgoblin hits you with a club.
Damage: -18%(-4hp) hp: 73%(16hp)
You are too injured to fight recklessly!
The bat hits you.
Damage: -4%(-1hp) hp: 69%(15hp)
The bat misses you. The bat closely misses you.
The bat hits you but does no damage. The bat hits you but does no damage. x2
The bat barely misses you. The bat hits you but does no damage.
The bat closely misses you. The bat hits you. The bat closely misses you.
Damage: -4%(-1hp) hp: 69%(15hp)
You barely miss the bat. The bat closely misses you. x2
You hit the bat.
You kill the bat!
The bat hits you but does no damage. The bat misses you.
You hit the bat.
The bat is severely wounded.
The bat completely misses you. The bat hits you but does no damage.
You thump the bat!
You kill the bat!
You barely miss the hobgoblin. The hobgoblin hits you with a club.
* * * LOW HITPOINT WARNING * * *
Huge Dmg: -23%(-5hp) hp: 46%(10hp)
You hit the hobgoblin.
The hobgoblin is heavily wounded.
The hobgoblin hits you with a club.
* * * LOW HITPOINT WARNING * * *
Damage: -5%(-1hp) hp: 41%(9hp)
You closely miss the hobgoblin.
The hobgoblin is moderately wounded.
The hobgoblin closely misses you. The hobgoblin barely misses you.
Unknown command.
You barely miss the hobgoblin.
The hobgoblin is moderately wounded.
The hobgoblin closely misses you.
You thump the hobgoblin!
You kill the hobgoblin!
The kobold throws a stone.
The stone closely misses you. The kobold hits you but does no damage.
Things that are here:
a club; a bat corpse Unknown command.
You hit the kobold.
You kill the kobold!
You hit the hobgoblin.
You kill the hobgoblin!
You barely miss the hobgoblin.
The hobgoblin is moderately wounded.
The hobgoblin closely misses you. The hobgoblin hits you.
* * * LOW HITPOINT WARNING * * *
Damage: -9%(-2hp) hp: 37%(8hp) Unknown command.
You hit the hobgoblin.
The hobgoblin is almost dead.
The hobgoblin hits you but does no damage.
You closely miss the hobgoblin.
The hobgoblin is almost dead.
The hobgoblin hits you.
* * * LOW HITPOINT WARNING * * *
Huge Dmg: -14%(-3hp) hp: 23%(5hp)
You hit the hobgoblin.
You kill the hobgoblin!
You closely miss the hobgoblin. The hobgoblin barely misses you.
You hit the hobgoblin.
The hobgoblin is heavily wounded.
The hobgoblin closely misses you.
You hit the hobgoblin but do no damage.
The hobgoblin is heavily wounded.
The hobgoblin barely misses you. The hobgoblin hits you with a club.
You die...

#..8..#.<.#..8..# #.#####
# #.8.8.##'##.8.8.# #.#
#. #.....))........# #†#
# .###################.#
#. ..# ##........##.#
#..##.## ##.#.##.......#
.#......###....##.#######
....(....#.######.#
...........g@....(#
.......##.#########
....>.. #.# ....... #.#
....... ..# ....... ###
....... ...$...


You could see a hobgoblin.

Vanquished Creatures
  3 bats (D:1)
  A giant cockroach (D:1)
  5 hobgoblins (D:1)
  2 kobolds (D:1)
11 creatures vanquished.

Notes
Turn   | Place    | Note
-------+----------+-------------------------------------------
     0 | D:1      | Monsterracer the Human Warper began the quest for the Orb.
     0 | D:1      | Reached XP level 1. HP: 16/16 MP: 3/3
    23 | D:1      | HP: 8/16 [bat (1)]
    28 | D:1      | HP: 7/16 [bat (1)]
   264 | D:1      | Reached XP level 2. HP: 22/22 MP: 5/5
   299 | D:1      | HP: 10/22 [hobgoblin/club (5)]
   307 | D:1      | HP: 8/22 [hobgoblin (2)]
   313 | D:1      | Slain by a hobgoblin

Action                   || total
-------------------------++-------
Melee: Mace              ||    41
Armor: Leather armour    ||    22
Dodge: Dodged            ||    42

Vault maps used:
D:1:      ncdulo_halloftheorcs
